 Dungeon Sprint DCSS version 0.25-a0-413-g3b4b6a4ccc (webtiles) character file.

Game seed: 1168681401736023085, levelgen mode: deterministic

4978 wilfster70 the Unseen (level 10, -8/59 HPs)
             Began as a Deep Elf Enchanter on Jan 15, 2020.
             Was an Elder of Dithmenos.
             Mangled by a demonic crawler (10 damage)
             ... in the Dungeon (Sprint I: "Red Sonja").
             The game lasted 00:05:56 (888 turns).

wilfster70 the Unseen (Deep Elf Enchanter)           Turns: 888, Time: 00:05:57

Health: -8/59      AC:  4    Str:  5    XL:     10   Next: 29%
Magic:  24/27      EV: 12    Int: 24    God:    Dithmenos [****..]
Gold:   1092       SH:  0    Dex: 15    Spells: 25/31 levels left

rFire    . . .     SeeInvis .   a - +1 dagger
rCold    . . .     Gourm    .   (no shield)
rNeg     . . .     Faith    .   i - +1 leather armour {MR+}
rPois    .         Spirit   .   (no helmet)
rElec    .         Reflect  .   (no cloak)
rCorr    .         Harm     .   (no gloves)
MR       ++...     NoTele   +   (no boots)
Stlth    +++++++++.             (no amulet)
HPRegen  0.19/turn              (no ring)
MPRegen  0.20/turn              (no ring)

@: confusing touch, wreathed by umbra
A: no striking features
a: Shadow Step, Renounce Religion


You were in the Dungeon.
You worshipped Dithmenos.
Dithmenos was greatly pleased with you.
You were not hungry.

You visited 1 branch You collected 1092 gold pieces.

Inventory:

Hand Weapons
 a - a +1 dagger (weapon)
Armour
 b - a +0 robe
 i - a +1 leather armour of magic resistance (worn)
Wands
 c - a wand of flame (20)
Scrolls
 j - a scroll of blinking
 k - a scroll of identify {unknown}
 l - a scroll of fog {unknown}
Potions
 e - 3 potions of curing
 g - a potion of haste
 h - 2 potions of magic
 m - a potion of invisibility {unknown}
 n - a potion of brilliance {unknown}
Comestibles
 d - 2 rations


   Skills:
 + Level 5.5 Fighting
 - Level 10.2 Short Blades
 - Level 6.0 Armour
 - Level 2.4 Dodging
 + Level 16.2 Stealth
 - Level 11.4 Spellcasting
 - Level 10.0 Hexes
 - Level 6.4 Ice Magic
 - Level 10.1 Invocations


You had 25 spell levels left.
You knew the following spells:

 Your Spells              Type           Power        Failure   Level  Hunger
a - Confusing Touch       Hex            ######..     1%          3    None
b - Ensorcelled Hibernat  Hex/Ice        ######       1%          2    None
c - Corona                Hex            ######.      1%          1    None

Your spell library contained the following spells:

 Spells                   Type           Power        Failure   Level  Hunger
 Tukima's Dance           Hex            ######..     1%          3    None
 Dazzling Flash           Conj/Hex       #####.       2%          3    None


Dungeon Overview and Level Annotations

Branches:
Dungeon (1/1)

Altars:
Cheibriados
Dithmenos
Elyvilon
Fedhas
Gozag
Hepliaklqana
Kikubaaqudgha
Makhleb
Nemelex Xobeh
Okawaru
Qazlal
Ru
Sif Muna
Trog
Uskayaw
Vehumet
Wu Jian
Xom
Yredelemnul
Zin
The Shining One
Jiyva
Lugonu

Shops:
D }=[


Message History

Unknown command.
Unknown command.
Casting: Ensorcelled Hibernation (safe; 1% risk of failure)
Confirm with . or Enter, or press ? or * to list all spells.
Your hands begin to glow red.
The demonic crawler barely misses you.
The demonic crawler hits you. x2; The demonic crawler hits you! x3
* * * LOW HITPOINT WARNING * * *
The demonic crawler hits you.
* * * LOW HITPOINT WARNING * * *
The demonic crawler closely misses you. The demonic crawler hits you.
* * * LOW HITPOINT WARNING * * *
You feel much better. The demonic crawler hits you.
The demonic crawler hits you!
* * * LOW HITPOINT WARNING * * *
The demonic crawler hits you but does no damage.
You hit the demonic crawler but do no damage.
The demonic crawler hits you!
* * * LOW HITPOINT WARNING * * *
The demonic crawler hits you!
You die...

##########################
#<.#..').#.)'..#__#..'..)#
#..)..#..'..#.s'^.'..#...##+#
#..#####'#####s#__####)..'†.#
#..####..#...#@####.§#####†.+
#..#__####..##.#§§§§)#..# +##
#..#_____##'#_.§≈≈≈.§§..#
#⌠⌠#_.∩...'..._#§≈≈§§#..#
####_..__##_.#'##§#####'###
#_____###'#(#§..§###.'.#
############.####'###.###§#
#∩........'...'..÷..'.∩##§#
###++++####.).###########§#


You could see 2 demonic crawlers.

Vanquished Creatures
  2 centaur warriors (D)
  Sonja (D)
  A deep troll (D)
  An oklob plant (D)
  2 kobold demonologists (D)
  2 demonic crawlers (D)
  A hornet (D)
  A slime creature (D)
  Sigmund (D)
  2 redbacks (D)
  A yak (D)
  2 floating eyes (D)
  An ogre (D)
  A jelly (D)
  Ijyb (D)
  A ballistomycete spore (D)
21 creatures vanquished.

Vanquished Creatures (others)
  A ballistomycete spore (D)
1 creature vanquished.

Grand Total: 22 creatures vanquished

Notes
Turn   | Place    | Note
-------+----------+-------------------------------------------
     0 | D        | wilfster70 the Deep Elf Enchanter began the quest for the
                  | Orb.
     0 | D        | Reached XP level 1. HP: 10/10 MP: 6/6
     1 | D        | Noticed Ijyb
    10 | D        | Killed Ijyb
    10 | D        | Reached skill level 5 in Stealth
    10 | D        | Reached skill level 5 in Hexes
    10 | D        | Reached XP level 2. HP: 12/15 MP: 6/9
    35 | D        | Learned a level 2 spell: Ensorcelled Hibernation
   135 | D        | Noticed an ogre
   138 | D        | Killed an ogre
   138 | D        | Reached skill level 6 in Stealth
   138 | D        | Reached XP level 3. HP: 19/19 MP: 8/13
   138 | D        | Reached XP level 4. HP: 24/24 MP: 8/14
   187 | D        | Noticed Sigmund
   192 | D        | Killed Sigmund
   192 | D        | Reached skill level 8 in Stealth
   192 | D        | Reached XP level 5. HP: 18/28 MP: 11/18
   308 | D        | Found a shimmering blue altar of Sif Muna.
   309 | D        | Found an ornate altar of the Wu Jian Council.
   310 | D        | Found a radiant altar of Vehumet.
   314 | D        | Reached skill level 9 in Stealth
   314 | D        | Reached skill level 1 in Ice Magic
   314 | D        | Reached XP level 6. HP: 32/32 MP: 19/19
   342 | D        | Found Enyaxotu's Jewellery Emporium.
   342 | D        | Found an ancient bone altar of Kikubaaqudgha.
   342 | D        | Found a hazy altar of Hepliaklqana.
   342 | D        | Found a hide-covered altar of Uskayaw.
   342 | D        | Found a basalt altar of Yredelemnul.
   342 | D        | Found an opulent altar of Gozag.
   342 | D        | Found a snail-covered altar of Cheibriados.
   342 | D        | Found a sacrificial altar of Ru.
   342 | D        | Found a shadowy altar of Dithmenos.
   342 | D        | Noticed a yak
   346 | D        | Killed a yak
   346 | D        | Reached skill level 10 in Hexes
   351 | D        | Learned a level 3 spell: Confusing Touch
   351 | D        | Found a stormy altar of Qazlal.
   351 | D        | Found a blossoming altar of Fedhas.
   351 | D        | Found a bloodstained altar of Trog.
   351 | D        | Found an iron altar of Okawaru.
   351 | D        | Found a glowing golden altar of the Shining One.
   351 | D        | Found a glowing silver altar of Zin.
   351 | D        | Found a white marble altar of Elyvilon.
   364 | D        | Found a sparkling altar of Nemelex Xobeh.
   370 | D        | Became a worshipper of Dithmenos the Shadowed
   379 | D        | Noticed Sonja
   383 | D        | Killed Sonja
   383 | D        | Reached skill level 11 in Stealth
   383 | D        | Reached XP level 7. HP: 36/36 MP: 19/23
   396 | D        | Found Yrghef's Gadget Boutique.
   416 | D        | Noticed a deep troll
   420 | D        | Killed a deep troll
   420 | D        | Reached skill level 12 in Stealth
   420 | D        | Reached XP level 8. HP: 41/41 MP: 25/25
   436 | D        | Found Ycayvaj's Armour Emporium.
   457 | D        | Noticed a centaur warrior
   457 | D        | Noticed a centaur warrior
   462 | D        | Killed a centaur warrior
   462 | D        | Reached * piety under Dithmenos
   462 | D        | Reached skill level 10 in Short Blades
   462 | D        | Reached skill level 13 in Stealth
   462 | D        | Reached skill level 5 in Invocations
   462 | D        | Reached XP level 9. HP: 24/45 MP: 23/26
   465 | D        | Killed a centaur warrior
   465 | D        | Reached skill level 5 in Armour
   465 | D        | Reached skill level 14 in Stealth
   677 | D        | Reached skill level 1 in Fighting
   687 | D        | Noticed an oklob plant
   689 | D        | Killed an oklob plant
   689 | D        | Reached ** piety under Dithmenos
   700 | D        | Reached skill level 15 in Stealth
   722 | D        | Reached *** piety under Dithmenos
   803 | D        | Found a viscous altar of Jiyva.
   803 | D        | Found a corrupted altar of Lugonu.
   804 | D        | Found a burning altar of Makhleb.
   804 | D        | Found a shimmering altar of Xom.
   806 | D        | Reached XP level 10. HP: 49/56 MP: 27/27
   863 | D        | Reached skill level 10 in Invocations
   871 | D        | Reached **** piety under Dithmenos
   871 | D        | Reached skill level 5 in Fighting
   871 | D        | Reached skill level 16 in Stealth
   888 | D        | HP: 2/59 [demonic crawler (9)]
   888 | D        | Mangled by a demonic crawler

Levels and vault maps discovered:
D:        dungeon_sprint_1 [red_sonja_temple_1, red_sonja_temple_small_1]

Skill      XL: |  1  2  3  4  5  6  7  8  9 10 |
---------------+-------------------------------+-----
Short Blades   | 2 4 6 8 9 10 | 10.2
Stealth        | 5 6 8 9 11 12 13 15 16 | 16.2
Spellcasting   | 4 6 8 11 | 11.4
Hexes          | 5 7 9 10 | 10.0
Ice Magic      | 1 6 |  6.4
Armour         | 2 4 6 |  6.0
Invocations    | 4 5 9 10 | 10.1
Fighting       | 3 5 |  5.5
Dodging        | |  2.4

Action                   |  1- 3 |  4- 6 |  7- 9 | 10-12 || total
-------------------------+-------+-------+-------+-------++-------
Melee: Dagger            |     9 |     4 |    12 |     6 ||    31
 Cast: Ensorcelled Hiber |     1 |     4 |     4 |       ||     9
       Confusing Touch   |       |       |       |     1 ||     1
  Use: Potion            |     1 |       |       |     1 ||     2
 Stab: Sleeping          |     1 |     4 |    10 |     5 ||    20
Armor: Leather armour    |       |     2 |     1 |     3 ||     6
Dodge: Dodged            |     2 |       |     3 |     7 ||    12

Table legend:
 A = Non-vault XP
 B = Vault XP
 C = Vault XP percentage of total XP
 D = Non-vault monster count
 E = Vault monster count
 F = Vault count percentage of total count
                 A         B        C        D         E       F
            +---------+---------+-------+---------+---------+-------
      Total |       0 |    7112 | 100.0 |       0 |      20 | 100.0
            +---------+---------+-------+---------+---------+-------
          D |       0 |    7112 | 100.0 |       0 |      20 | 100.0
            +---------+---------+-------+---------+---------+-------
